 Dungeon Crawl Stone Soup version 0.29.1-15-g9cfb28693d (webtiles) character file.

Game seed: 11754960533276702726

8 protoss039 the Digger (level 2, 20/20 HPs)
             Began as a Demonspawn Earth Elementalist on Mar 2, 2023.
             Got out of the dungeon alive.
             The game lasted 00:00:33 (602 turns).

protoss039 the Digger (DsEE)                         Turns: 602, Time: 00:00:33

Health: 20/20      AC:  6    Str:  8    XL:     2   Next: 0%
Magic:  5/5        EV: 10    Int: 16    God:
Gold:   33         SH:  0    Dex: 13    Spells: 4/5 levels left

rFire   . . .      SeeInvis .   c - +0 whip
rCold   . . .      Faith    .   (no shield)
rNeg    . . .      Spirit   .   i - +0 ring mail
rPois   .          Reflect  .   (helmet restricted)
rElec   .          Harm     .   (no cloak)
rCorr   .          Rampage  .   h - +0 pair of gloves
Will    .....                   (no boots)
Stlth   +.........              (no amulet)
HPRegen 0.06/turn               (no ring)
MPRegen 0.09/turn               (no ring)

@: no status effects
A: antennae 1
a: no special abilities


You escaped.
You visited 1 branch of the dungeon, and saw 1 of its levels.

You collected 33 gold pieces.

Inventory:

Hand Weapons
 c - a +0 whip (weapon)
Armour
 h - a +0 pair of gloves (worn)
 i - a +0 ring mail (worn)
Scrolls
 e - a scroll of butterflies {unknown}
 f - 2 scrolls of identify {unknown}
 g - 2 scrolls of teleportation {unknown}
Potions
 b - a potion of magic
 d - a potion of heal wounds {unknown}


   Skills:
 + Level 0.7 Fighting
 - Level 1.7 Dodging
 - Level 1.7 Stealth
 + Level 2.2 Spellcasting
 - Level 0.8 Transmutations
 + Level 2.9 Earth Magic


You had 4 spell levels left.
You knew the following spells:

 Your Spells              Type           Power      Damage    Failure   Level
a - Sandblast             Erth           22%        2d7       19%         1

Your spell library contained the following spells:

 Spells                   Type           Power      Damage    Failure   Level
 Passwall                 Tmut/Erth      5%         N/A       41%         2
 Stone Arrow              Conj/Erth      12%        3d7       71%         3
 Petrify                  Tmut/Erth      7%         N/A       96%         4


Dungeon Overview and Level Annotations

Branches:
Dungeon (1/15) Zot: 5392

Altars:


Innate Abilities, Weirdness & Mutations

You have a pair of small antennae on your head.


Message History

Search for what [Enter for "."]? .
You see here a +0 ring mail.
i - a +0 ring mail You start removing your armour.
You continue taking off your +0 robe. x4
You finish taking off your +0 robe.
You start putting on your armour.
You continue putting on your +0 ring mail. x5
You finish putting on your +0 ring mail.
Unknown command.
You drop a +0 robe.
HP restored.
There is an open door here.
Found an escape hatch in the floor.
You see here a +0 robe.
There is a stone staircase leading down here.
A rat comes into view.
A rat is nearby!
A rat is nearby!
A rat is nearby!
You closely miss the rat. The rat bites you but does no damage.
Unknown command.
You completely miss the rat. The rat bites you but does no damage.
Unknown command.
You barely miss the rat. The rat closely misses you. The rat barely misses you.
Unknown command.
You hit the rat.
You kill the rat!
You have reached level 2!
Your demonic ancestry asserts itself...
A pair of antennae grows on your head!
Unknown command.
You see here a +0 robe.
You can't go up here!
Unknown command.
Unknown command.
Unknown command.
There is an open door here.
There is a staircase leading out of the dungeon here.
Are you sure you want to leave the Dungeon?
This will make you lose the game!
You have escaped!

#....#####
#..#######...######
#........# #.##
#..........# #
#........#
##.####..........###
#........#
#..##...............
#........#
##'###'##.######.....
#........###≈.≈§≈.§#.#
#.....
##..........#≈≈.≈.≈≈#.#
#.....
#......#....#§≈...≈≈#.#
#.....
#...........+§≈.@.§...#
#.....
#...P.P.....#≈≈...≈≈###
#.....
#.###'###...#§≈.≈.≈§#
#.....
#.#8...8#.###≈.≈≈§.≈#
#.....
#.#.###.#.####'###+##
#.....
#.#.#5#.#..#........#
#.....
#.#.###.#..#.#.######
###### #.#8...8#......#
#.###_###.##.#.#


There were no monsters in sight!

Vanquished Creatures
  An endoplasm (D:1)
  A giant cockroach (D:1)
  A hobgoblin (D:1)
  A ball python (D:1)
  2 kobolds (D:1)
  2 rats (D:1)
8 creatures vanquished.

Notes
Turn   | Place    | Note
-------+----------+-------------------------------------------
     0 | D:1      | protoss039 the Demonspawn Earth Elementalist began the
                  | quest for the Orb.
     0 | D:1      | Reached XP level 1. HP: 13/13 MP: 3/3
   266 | D:1      | Found a faded altar of an unknown god.
   514 | D:1      | Gained mutation: You have a pair of small antennae on your
                  | head. [demonic ancestry]
   514 | D:1      | Reached XP level 2. HP: 20/20 MP: 5/5
   602 | D:$      | Got out of the dungeon alive.

Illustrated notes

Levels and vault maps discovered:
D:1:      ncdulo_lavacross, layout_basic,
          dreamdust_ecumenical_altar_sealed_demon

Action                   || total
-------------------------++-------
Melee: Whip              ||    16
 Cast: Sandblast         ||     8
Armor: Robe              ||     3
       Ring mail         ||     2
Dodge: Dodged            ||    14
